 Dungeon Crawl Stone Soup version 0.26.1-11-gd32895ea62 (webtiles) character file.

Game seed: 9305199181984664638

7639 bnorton916 the Fighter (level 11, -1/92 HPs)
             Began as a Formicid Fighter on June 30, 2021.
             Was an Initiate of Gozag.
             Slain by a fire bat (8 damage)
             ... on level 1 of the Abyss.
             The game lasted 00:24:21 (11180 turns).

bnorton916 the Fighter (Formicid Fighter)          Turns: 11180, Time: 00:24:21

Health: -1/92      AC: 13    Str: 26    XL:     11   Next: 41%
Magic:  11/11      EV: 11    Int:  8    God:    Gozag
Gold:   59         SH: 12    Dex: 16    Spells: 10/10 levels left

rFire    . . .     SeeInvis +   a - +1 war axe (venom)
rCold    + . .     Faith    .   c - +0 kite shield
rNeg     + . .     Spirit   .   w - +0 acid dragon scales
rPois    .         Reflect  .   (helmet unavailable)
rElec    +         Harm     .   (no cloak)
rCorr    +         Rampage  .   u - +1 pair of gloves
Will     +....                  y - +1 pair of boots of Wonderful Salvation {rElec rC+ Str+2}
Stlth    +.........             (no amulet)
HPRegen  0.25/turn              i - +6 ring of dexterity
MPRegen  0.12/turn              C - ring "Gaif" {Wiz rN+}

@: no status effects
A: permanent stasis, dig shafts and tunnels, four strong arms, antennae 3
a: Dig, Shaft Self, Renounce Religion, Potion Petition, Call Merchant, Bribe
Branch


You were on level 1 of the Abyss.
You worshipped Gozag.
Gozag was noncommittal.
You visited 2 branches of the dungeon, and saw 11 of its levels.
You visited the Abyss 1 time.
You also visited: Ossuary.

You collected 1369 gold pieces.
You paid 1310 gold pieces to Gozag.

Inventory:

Hand Weapons
 a - a +1 war axe of venom (weapon)
 h - the +8 dagger of Pain and Death {vorpal, +Inv Will++ Str+4 Dex-2}
   (You found it on level 5 of the Dungeon)

   It inflicts extra damage upon your enemies.
   It affects your strength (+4).
   It affects your dexterity (-2).
   It affects your willpower, your defense against some magical effects.
   It lets you turn invisible.
 q - a +1 war axe
 t - a +0 whip of flaming
 A - a +1 morningstar of holy wrath
Missiles
 r - 31 poisoned darts
Armour
 b - a +0 scale mail
 c - a +0 kite shield (worn)
 u - a +1 pair of gloves (worn)
 w - +0 acid dragon scales (worn)
 y - the +1 pair of boots of Wonderful Salvation (worn) {rElec rC+ Str+2}
   (You found it on level 6 of the Dungeon)

   It affects your strength (+2).
   It protects you from cold.
   It insulates you from electricity.
 D - the +4 robe of Augmentation {Str+4 Int+4 Dex+4}
   (You found it on level 8 of the Dungeon)

   It affects your strength (+4).
   It affects your intelligence (+4).
   It affects your dexterity (+4).
Jewellery
 i - a +6 ring of dexterity (left hand)
 C - the ring "Gaif" (right hand) {Wiz rN+}
   (You found it on level 8 of the Dungeon)

   [ring of wizardry]

   It improves your spell success rate.
   It protects you from negative energy.
 L - an uncursed ring of ice
Wands
 z - a wand of polymorph (6)
 E - a wand of paralysis (11)
 F - a wand of digging (6)
 H - a wand of acid (7)
 J - a wand of disintegration (16)
Scrolls
 k - 3 scrolls of enchant armour
 l - 3 scrolls of remove curse
 m - 3 scrolls of identify
 p - 2 scrolls of silence
 s - 5 scrolls of enchant weapon
 I - a scroll of fog
 K - a scroll of fear
 M - a scroll of amnesia {unknown}
Potions
 d - 3 potions of might
 e - 3 potions of brilliance
 f - 6 potions of lignification
 g - 2 potions of attraction
 j - 2 potions of mutation
 n - 2 potions of flight
 v - a potion of cancellation
 x - 3 potions of magic
 G - a potion of ambrosia


   Skills:
 - Level 10.5 Fighting
 + Level 10.1 Axes
 - Level 8.8 Armour
 - Level 9.2 Shields


You had 10 spell levels left.
You didn't know any spells.
Your spell library was empty.

Dungeon Overview and Level Annotations

Branches:
Dungeon (10/15)            Temple (1/1) D:4            Lair (0/6) D:8
    Orc (0/2) D:9         Ossuary (visited)

Altars:
Ashenzari
Cheibriados
Dithmenos
Elyvilon
Fedhas
Gozag
Hepliaklqana
Kikubaaqudgha
Makhleb
Nemelex Xobeh
Okawaru
Qazlal
Ru
Sif Muna
Trog
Uskayaw
Vehumet
Wu Jian
Xom
Yredelemnul
Zin
The Shining One

Shops:
D:6 =   D:9 (

Annotations:
D:4 3 runed translucent doors, JBAR's ghost, amateur GnTm
D:7 2 transporters, jlumianski's ghost, novice GnWr
D:8 3 runed translucent doors, exclusion: 2 oklob plants, Ekaitz's ghost, novice DEEE
D:10 1 runed translucent door, Sonja; oc3rt's ghost, journeyman KoHu


Innate Abilities, Weirdness & Mutations

You cannot be hasted, slowed, berserked, paralysed or teleported.
You can dig through walls and to a lower floor.
Your four strong arms can wield two-handed weapons with a shield.
You have a pair of large antennae on your head. (SInv)


Message History

* * * LOW HITPOINT WARNING * * *
You are engulfed in flames!
* * * LOW HITPOINT WARNING * * *
The fire bat misses you.
You extend your mandibles.
You dig through the rock wall.
You block the fire bat's attack. x2
Found a scroll of remove curse.
You retract your mandibles.
The fire bat bites you.
* * * LOW HITPOINT WARNING * * *
You are engulfed in flames.
* * * LOW HITPOINT WARNING * * *
The fire bat misses you. The fire bat bites you.
* * * LOW HITPOINT WARNING * * *
You are engulfed in flames.
* * * LOW HITPOINT WARNING * * *
You block the fire bat's attack.
You see here a scroll of remove curse.
The fire bat bites you!
You die...
Your body crumbles into a pile of gold.

#......# { #
##.#..# #.
..##.#
#..##X..#####
{ ..#........#
§. #. ##.#.##
.# #.#.##..# #
. #.
####.#####.###
# ##
#...b@......#
#.♣♣♣♣♣♣♣.♣♣.
#.♣ #. #


You could see a large abomination and a fire bat (fast, strong, agile).

Vanquished Creatures
  Harold (D:6)
  Pikel (D:4)
  Joseph (D:9)
  Maggie (D:7)
  Grinder (D:4)
  Prince Ribbit (D:6)
  2 wraiths (Ossuary)
  5 yaks
  Menkaure (D:7)
  Edmund (D:6)
  Duvessa (D:4)
  A hornet zombie (D:9)
  2 orc warriors
  3 sky beasts
  3 ice beasts
  2 phantoms
  6 ogres
  3 centaurs
  A big kobold (D:9)
  6 bullfrogs
  Blork the orc (D:6)
  A gnoll sergeant (D:10)
  Dowan (D:5)
  2 scorpions
  6 killer bees (D:10)
  3 wights (Ossuary)
  4 howler monkeys
  A centaur zombie (D:9)
  A quasit (D:9)
  3 hounds
  3 bullfrog skeletons
  An orc priest (D:7)
  2 jellies
  A centaur skeleton (D:9)
  5 iguanas
  5 orc wizards
  7 worker ants
  A hound zombie (D:6)
  A hound skeleton (D:5)
  Robin (D:2)
  8 gnolls
  9 adders
  A shadow imp (D:6)
  3 white imps
  An ooze (D:5)
  2 ufetubi
  2 adder zombies (Ossuary)
  5 worms
  2 dart slugs (D:1)
  3 leopard geckos
  13 orcs
  2 ball pythons
  4 bats
  2 giant cockroaches
  15 goblins
  14 hobgoblins
  7 jackals
  12 kobolds
  4 quokkas
  2 ball python skeletons (Ossuary)
  2 frilled lizards
  A hobgoblin skeleton (Ossuary)
  A kobold zombie (Ossuary)
  2 leopard gecko skeletons
  A leopard gecko zombie (D:6)
  An orc skeleton (Ossuary)
  An orc zombie (Ossuary)
  2 quokka skeletons
  7 rats
222 creatures vanquished.

Vanquished Creatures (others)
  11 fungi (D:8)
  5 plants (D:8)
  6 starspawn tentacles (Abyss:1)
22 creatures vanquished.

Grand Total: 244 creatures vanquished

Notes
Turn   | Place    | Note
-------+----------+-------------------------------------------
     0 | D:1      | bnorton916 the Formicid Fighter began the quest for the
                  | Orb.
     0 | D:1      | Reached XP level 1. HP: 18/18 MP: 1/1
     6 | D:1      | Noticed a polar bear
     6 | D:1      | Noticed a water moccasin
     7 | D:1      | Noticed a six-headed hydra
    94 | D:1      | Reached XP level 2. HP: 24/24 MP: 2/2
   465 | D:2      | Reached XP level 3. HP: 29/29 MP: 3/3
   688 | D:2      | Reached XP level 4. HP: 23/37 MP: 4/4
   997 | D:2      | You fall into a shaft and drop 1 floor!
  1004 | D:3      | Reached XP level 5. HP: 42/42 MP: 5/5
  1017 | D:3      | Noticed a torpor snail
  1017 | D:3      | Noticed a torpor snail
  1225 | D:3      | Found a snail-covered altar of Cheibriados.
  1225 | D:3      | Noticed a torpor snail
  1442 | D:3      | Found a sparkling altar of Nemelex Xobeh.
  1611 | D:3      | Found an ancient bone altar of Kikubaaqudgha.
  1927 | D:4      | Noticed a lemure
  1927 | D:4      | Noticed a lemure
  1928 | D:4      | Noticed Pikel
  1928 | D:4      | Noticed a lemure
  1929 | D:4      | Noticed a lemure
  1968 | D:4      | Killed Pikel
  1969 | D:4      | Reached skill level 5 in Fighting
  1969 | D:4      | Reached skill level 5 in Armour
  1969 | D:4      | Reached skill level 5 in Shields
  1969 | D:4      | Reached XP level 6. HP: 27/51 MP: 6/6
  1969 | D:4      | Reached XP level 7. HP: 30/56 MP: 7/7
  2294 | D:4      | Reached XP level 8. HP: 63/63 MP: 8/8
  2330 | D:4      | Noticed Grinder
  2343 | D:4      | Killed Grinder
  2667 | D:4      | Noticed JBAR's ghost (amateur GnTm)
  2695 | D:4      | Found a runed translucent gate.
  2695 | D:4      | Found a runed translucent gate.
  2695 | D:4      | Found a runed translucent gate.
  2740 | D:4      | Found a staircase to the Ecumenical Temple.
  2749 | Temple   | Entered the Ecumenical Temple
  2895 | D:4      | Reached skill level 5 in Axes
  3088 | D:5      | Entered Level 5 of the Dungeon
  3172 | D:5      | Reached XP level 9. HP: 71/71 MP: 9/9
  3354 | D:5      | Got a masterwork dagger
  3487 | D:5      | Found a white marble altar of Elyvilon.
  3915 | D:5      | Noticed Dowan
  3915 | D:5      | Noticed Duvessa
  4085 | D:5      | Killed Dowan
  4134 | D:6      | Found Sumulan's Jewellery Emporium.
  4137 | D:6      | Noticed Edmund
  4151 | D:6      | Identified the +8 dagger of Pain and Death {vorpal, +Inv
                  | Will++ Str+4 Dex-2} (You found it on level 5 of the
                  | Dungeon)
  4165 | D:6      | Killed Edmund
  4205 | D:6      | Noticed Blork the orc
  4210 | D:6      | Killed Blork the orc
  4408 | D:6      | Found a stormy altar of Qazlal.
  4410 | D:6      | Found a blossoming altar of Fedhas.
  4446 | D:6      | Found a glowing silver altar of Zin.
  4447 | D:6      | Found an opulent altar of Gozag.
  4459 | D:6      | Became a worshipper of Gozag Ym Sagoz the Greedy
  4698 | D:4      | Killed Duvessa
  5437 | D:6      | Got a pair of distressingly furry boots
  5448 | D:6      | Identified the +1 pair of boots of Wonderful Salvation
                  | {rElec rC+ Str+2} (You found it on level 6 of the Dungeon)
  6321 | D:2      | Found an iron altar of Okawaru.
  6381 | D:2      | Noticed Robin
  6396 | D:2      | Killed Robin
  6826 | D:7      | Noticed Harold
  6827 | D:7      | Noticed Prince Ribbit
  6833 | D:7      | Noticed Menkaure
  6874 | D:6      | Killed Harold
  6875 | D:6      | Reached XP level 10. HP: 13/81 MP: 10/10
  7309 | D:6      | Killed Prince Ribbit
  7347 | D:7      | Killed Menkaure
  7962 | D:7      | Noticed Maggie
  7993 | D:7      | Killed Maggie
  8210 | D:7      | Noticed a moth of wrath
  8225 | D:7      | Found a transporter.
  8344 | D:7      | Noticed jlumianski's ghost (novice GnWr)
  8359 | D:7      | Found a transporter.
  8518 | D:8      | Found a runed translucent gate.
  8518 | D:8      | Found a runed translucent gate.
  8520 | D:8      | Found a runed translucent gate.
  8521 | D:8      | Noticed Ekaitz's ghost (novice DEEE)
  8572 | D:8      | Got a brightly glowing steel ring
  8573 | D:8      | Identified the ring "Gaif" {Wiz rN+} (You found it on level
                  | 8 of the Dungeon)
  8671 | D:8      | Found a blossoming altar of Fedhas.
  8673 | D:8      | Noticed an oklob plant
  8673 | D:8      | Noticed an oklob plant
  8705 | D:8      | Found the +4 robe of Augmentation {Str+4 Int+4 Dex+4}
  8736 | D:8      | Found a hazy altar of Hepliaklqana.
  8756 | D:8      | Found a sand-covered staircase.
  8769 | Ossuary  | Entered an ossuary
  9120 | D:8      | Found a shadowy altar of Dithmenos.
  9121 | D:8      | Found an ornate altar of the Wu Jian Council.
  9126 | D:8      | Found a hide-covered altar of Uskayaw.
  9276 | D:8      | Found a staircase to the Lair.
  9282 | D:8      | Reached XP level 11. HP: 62/90 MP: 11/11
  9912 | D:9      | Found a staircase to the Orcish Mines.
 10087 | D:9      | Noticed Joseph
 10096 | D:9      | Killed Joseph
 10097 | D:9      | Reached skill level 10 in Fighting
 10216 | D:9      | Found Pob Gugigo's Weapon Shoppe.
 10281 | D:9      | Found an iron altar of Okawaru.
 10483 | D:10     | Entered Level 10 of the Dungeon
 10630 | D:10     | Reached skill level 10 in Axes
 10726 | D:10     | Found a runed translucent door.
 10726 | D:10     | Found a shimmering altar of Xom.
 10726 | D:10     | Noticed oc3rt's ghost (journeyman KoHu)
 10727 | D:10     | Noticed a +4 rapier of chaos
 10973 | D:10     | Noticed Sonja
 10991 | D:10     | Cast into level 1 of the Abyss (Sonja)
 11102 | Abyss:1  | Noticed a tentacled starspawn
 11102 | Abyss:1  | Noticed a tentacled starspawn
 11141 | Abyss:1  | Noticed a bone dragon
 11180 | Abyss:1  | Slain by a fire bat

Illustrated notes

Levels and vault maps discovered:
D:1:      onia_arrival_zoo_common, layout_rooms, minmay_misc_feat_alley,
          chequers_serial_rivers_micro_b
D:2:      layout_rooms, lemuel_round_altar, chequers_serial_rivers_micro_d,
          uniq_robin
D:3:      layout_loops_cross, nemelex_xobeh_ov_fountains_minmay,
          cheibriados_altar_2, kiku_gazebo_garden_becter
D:4:      minmay_chambers_of_threes, layout_loops_corners,
          lemuel_temple_firewalk_a, gammafunk_ghost_split, uniq_pikel,
          uniq_grinder
D:5:      layout_loops_ring, elyvilon_altar_5, uniq_duvessa
D:6:      layout_loops_corners, grunt_temple_overflow_gold_and_silver,
          grunt_temple_overflow_forces_of_nature, serial_shops,
          nicolae_shop_window_shopping, due_unseen_surprise, uniq_edmund,
          uniq_blork_the_orc
D:7:      layout_cave_pools, gammafunk_ghost_berserking_beasts,
          uniq_prince_ribbit1, uniq_menkaure, uniq_harold, uniq_maggie
D:8:      layout_gridville, lemuel_round_altar, grunt_temple_overflow_open,
          grunt_lair_entry_orc_guard_hut, nicolae_ossuary_entry_monument,
          gammafunk_ghost_necromancy, hangedman_tree_tricks
D:9:      layout_cave_pools, serial_shops, kennysheep_little_box,
          okawaru_trees_1, uniq_joseph
D:10:     layout_loops_ring, ebering_ghost_xom, uniq_sonja
Temple:   jpeg_temple_island
Abyss:1:  base:
D:8

Skill      XL: |  1  2  3  4  5  6  7  8  9 10 11 |
---------------+----------------------------------+-----
Shields        | 4 5 6 7 9 |  9.2
Fighting       | 4 5 6 8 9 10 | 10.5
Armour         | 4 5 6 8 |  8.8
Axes           | 4 5 7 8 10 | 10.1

Action                   |  1- 3 |  4- 6 |  7- 9 | 10-12 || total
-------------------------+-------+-------+-------+-------++-------
Melee: War axe           |    64 |   133 |   298 |   274 ||   769
       Dagger            |       |       |    31 |       ||    31
       Morningstar       |       |       |       |    31 ||    31
Invok: Potion Petition   |       |       |     1 |     1 ||     2
 Abil: Dig               |     6 |     1 |     8 |    21 ||    36
  Use: Scroll            |       |       |    11 |    11 ||    22
       Potion            |       |       |     5 |     5 ||    10
 Stab: Sleeping          |       |       |       |     3 ||     3
       Distracted        |       |       |       |     3 ||     3
Armor: Scale mail        |    39 |    45 |    94 |    17 ||   195
       Acid dragon scale |       |       |       |    75 ||    75
Dodge: Dodged            |    22 |    51 |    95 |   116 ||   284
Block: Kite shield       |    37 |    73 |   180 |   185 ||   475
